 Dungeon Crawl Stone Soup version 0.20.1-1-g8b1a95d (webtiles) character file.

66 Jazqa the Ruffian (level 3, -2/30 HPs)
             Began as a Draconian Transmuter on Oct 31, 2017.
             Killed from afar by a white imp (11 damage)
             ... with a puff of frost
             ... summoned by Natasha
             ... on level 2 of the Dungeon.
             The game lasted 00:01:46 (1078 turns).

Jazqa the Ruffian (Draconian Transmuter)            Turns: 1078, Time: 00:01:47

Health: -2/30      AC:  5    Str: 13    XL:     3   Next: 96%
Magic:  4/6        EV: 12    Int: 13    God:
Gold:   57         SH:  0    Dex: 11    Spells: 5/6 levels left

rFire    . . .     SeeInvis .     - Unarmed
rCold    . . .     Gourm    .   (no shield)
rNeg     . . .     Faith    .   (armour unavailable)
rPois    .         Spirit   .   (helmet restricted)
rElec    .         Reflect  .   (no cloak)
rCorr    .         Harm     .   (no gloves)
MR       .....                  (no boots)
Stlth    +.........             (no amulet)
Regen    0.1/turn               (no ring)
MPRegen  0.1/turn               (no ring)

@: appendage (expiring), slowed, very slow
A: unfitting armour, horns 2, cold-blooded, AC +5
a: End Transformation


You were on level 2 of the Dungeon.
You were not hungry.
You had grown temporary horns.
You visited 1 branch of the dungeon, and saw 2 of its levels.

You collected 57 gold pieces.


Innate Abilities, Weirdness & Mutations

Your plain brown scales are hard. (AC +5)
You cannot fit into any form of body armour.
You are cold-blooded and may be slowed by cold attacks.
You have a pair of horns on your head.


   Skills:
 + Level 2.6 Fighting
 + Level 2.4 Dodging
 + Level 3.8 Unarmed Combat
 - Level 2.0 Spellcasting
 - Level 2.0 Transmutations


You had 5 spell levels left.
You knew the following spells:

 Your Spells              Type           Power        Failure   Level  Hunger
z - Beastly Appendage     Tmut           #.....       11%         1    ##.....

Inventory:

Missiles
 a - 30 arrows
Scrolls
 d - 3 scrolls of teleportation {unknown}
 e - 3 scrolls of identify {unknown}
 h - a scroll of recharging {unknown}
 k - a scroll of blinking {unknown}
Potions
 j - a potion of brilliance {unknown}
Books
 b - a book of Changes

   Spells                             Type                      Level
   a - Beastly Appendage              Transmutation                1
   b - Sticks to Snakes               Transmutation                2
   c - Spider Form                    Transmutation/Poison         3
   d - Ice Form                       Ice/Transmutation            4
   e - Blade Hands                    Transmutation                5
Comestibles
 c - 4 bread rations {@e1}
 f - 4 chunks of flesh
 g - 3 royal jellies {@e3}
 i - 4 fruits {@e2}

Dungeon Overview and Level Annotations

Branches:
Dungeon (2/15)

Altars:
Zin

Shops:
D:2 *

Annotations:
D:2 Natasha

#.# #.# .######.#.# #.#
..........# ..#
...#.....# #.# #
▒.......# #.# >###
▒▒▒......# #.# ...
▒⌠⚑..∩...# #.#..#
.▒▒▒..h...#
#.#..####..▒...5@..#
...................####
#.#..####.............#
#.#..# ####.....###.#
.(#..# ##....# #
.....####### ##...#
..#........ ▒▒'▒▒▒
#.#..##... ▒≈.≈≈▒
#.......# ▒≈#§≈▒


You could see Natasha and a white imp.


Message History

Natasha mumbles some strange words.
Natasha's front paws start to glow.
Natasha casts a spell at you. You resist with significant effort.
You barely miss Natasha.
Natasha is moderately wounded.
The white imp gestures at you. The puff of frost hits you! Natasha claws you.
You barely miss Natasha.
Natasha is moderately wounded.
Your transformation is almost over.
The white imp gestures at you. The puff of frost hits you!
Natasha completely misses you.
You hit Natasha.
Natasha is heavily wounded.
Natasha misses you.
Natasha zaps a wand.
You resist with significant effort.
It is a wand of polymorph (?/24).
The white imp gestures at you. The puff of frost hits you!
* * * LOW HITPOINT WARNING * * *
Unknown command.
Casting: Beastly Appendage
Confirm with . or Enter, or press ? or * to list all spells.
You extend your transformation's duration.
Your transformation is almost over.
Natasha claws you.
* * * LOW HITPOINT WARNING * * *
The white imp gestures at you. The puff of frost hits you!
You die...

Skill      XL: |  1  2 |
---------------+-------+-----
Dodging        | 2 |  2.4
Fighting       | 2 |  2.6
Unarmed Combat | |  3.8
Spellcasting   | |  2.0
Transmutations | |  2.0

Action                   || total
-------------------------++-------
Melee: Unarmed           ||    95
       Tailslap          ||    11
       Kick              ||     4
       Headbutt          ||     8
 Cast: Beastly Appendage ||    23
 Stab: Sleeping          ||     1
  Eat: Chunk             ||     1
Armor: Skin              ||    44
Dodge: Dodged            ||    98

Vault maps used:
D:1:      noname_arrival_rooms_in_the_neighbourhood
D:2:      zin_purify, minivault_25, hex_large, kennysheep_generic_room_14,
          uniq_natasha, uniq_crazy_yiuf_cottage

Notes
Turn   | Place    | Note
-------+----------+-------------------------------------------
     0 | D:1      | Jazqa the Draconian Transmuter began the quest for the Orb.
     0 | D:1      | Reached XP level 1. HP: 16/16 MP: 3/3
   128 | D:1      | Reached skill level 2 in Dodging
   185 | D:1      | Reached XP level 2. HP: 23/23 MP: 3/5
   389 | D:1      | Reached skill level 2 in Fighting
   586 | D:1      | Reached XP level 3. HP: 29/29 MP: 4/6
   762 | D:2      | Noticed Natasha
   775 | D:2      | Killed Natasha
  1065 | D:2      | Found Zin's Purification Station.
  1065 | D:2      | Found a glowing silver altar of Zin.
  1069 | D:2      | Noticed Natasha
  1078 | D:2      | Killed from afar by a white imp

Vanquished Creatures
  Natasha (D:2)
  3 dart slugs (D:1)
  2 leopard geckos (D:1)
  A giant cockroach (D:1)
  3 goblins
  4 hobgoblins (D:1)
  4 jackals (D:1)
  3 bats
  2 frilled lizards (D:2)
  3 kobolds
  6 rats
32 creatures vanquished.
